 Dungeon Crawl Stone Soup version 0.31-a0-986-g5e6e4ef867 (webtiles) character file.

Game seed: 9434866615982709063

55 sammy202020 the Ruffian (level 3, 0/27 HPs)
             Began as a Demonspawn Shapeshifter on Nov 17, 2023.
             Killed from afar by a white imp (10 damage)
             ... with a puff of frost
             ... on level 3 of the Dungeon.
             The game lasted 00:02:26 (2142 turns).

sammy202020 the Ruffian (Demonspawn Shapeshifter)   Turns: 2142, Time: 00:02:26

Health: 0/27       AC:  3    Str: 16    XL:     3   Next: 67%
Magic:  3/3        EV: 12    Int: 11    God:
Gold:   102        SH:  0    Dex: 12    Spells: 2/2 levels left

rFire   . .          .
                       - Unarmed
rCold   . . .        (no shield)
rNeg    . . .        a - +1 animal skin
rPois   .            (helmet currently unavailable)
rElec   .            (cloak currently unavailable)
rCorr   .            (gloves currently unavailable)
SInv    .            (boots currently unavailable)
Will    .....        (no amulet)
Stlth   +            (no ring)
HPRegen 0.24/turn    (no ring)
MPRegen 0.08/turn

%: no passive effects
@: beast-form
A: beast (slay +1), antennae 1
a: Begin Untransformation


You were on level 3 of the Dungeon.
You were a hulking beast.
You visited 1 branch of the dungeon, and saw 3 of its levels.

You collected 102 gold pieces.

Inventory:

Missiles
 f - 2 throwing nets
Armour
 a - a +1 animal skin (worn)
Talismans
 c - a beast talisman
 d - a flux talisman
Scrolls
 h - a scroll of torment
 i - a scroll of revelation
 k - a scroll of fog
 l - a scroll of poison
 m - a scroll of identify
Potions
 b - 2 potions of lignification
 e - a potion of resistance {unknown}
 g - a potion of attraction {unknown}
 j - 2 potions of brilliance {unknown}
 n - a potion of ambrosia {unknown}
 o - a potion of curing {unknown}


   Skills:
 * Level 1.8 Fighting
 + Level 0.6 Armour
 + Level 2.1 Dodging
 * Level 3.2 Unarmed Combat
 * Level 3.0 Shapeshifting


You had 2 spell levels left.
You didn't know any spells.
Your spell library contained the following spells:

 Spells                   Type           Power      Damage    Failure   Level
 Hailstorm                Conj/Ice       0%         3d3       71%         3
 Summon Ice Beast         Ice/Summ       0%         N/A       98%         4
 Simulacrum               Ice/Necr       0%         N/A       100%        6


Dungeon Overview and Level Annotations

Branches:
Dungeon (3/15)

Altars:


Innate Abilities, Weirdness & Mutations

You are a hulking beast.
Your limbs bulge with bestial killing power. (Slay +1)
You have a pair of small antennae on your head.


Message History

There is an open door here.
You hit the white imp.
The white imp is moderately wounded.
The hobgoblin zombie closely misses you.
The hobgoblin zombie barely misses you. The white imp hits you.
The white imp freezes you.
You closely miss the white imp.
The white imp is moderately wounded.
The hobgoblin zombie completely misses you.
The hobgoblin zombie hits you. The white imp closely misses you.
You closely miss the white imp.
The white imp is moderately wounded.
The hobgoblin zombie closely misses you.
The white imp gestures at you. The puff of frost hits you!
The hobgoblin zombie closely misses you.
You are too injured to fight recklessly!
You are too injured to fight recklessly!
You are too injured to fight recklessly!
You are too injured to fight recklessly!
You are too injured to fight recklessly!
You are too injured to fight recklessly!
You are too injured to fight recklessly!
You are too injured to fight recklessly!
You are too injured to fight recklessly!
You are too injured to fight recklessly!
You are too injured to fight recklessly!
You are too injured to fight recklessly!
You are too injured to fight recklessly!
You are too injured to fight recklessly!
You are too injured to fight recklessly!
You are too injured to fight recklessly!
You are too injured to fight recklessly!
You are too injured to fight recklessly!
You are too injured to fight recklessly!
You are too injured to fight recklessly!
An adder comes into view.
The white imp gestures at you. The puff of frost hits you!
You die...

######### #.......
#........ #.#... .# ##.
#.#..##.#+...#
#.#...#Z.Z..#
#....#.5....# ##
#....h'ZZ_..+
.###########.#..#.Z....#
.##.............##....S.#
...<##########....##.####
.#### #..### ..# ...#
###.... ... .#.#
......... ...
##.#######.##.....## .##
##..............###


You could see an adder (wandering), a white imp, 3 hobgoblin zombies, a kobold
zombie and a kobold skeleton.

Vanquished Creatures
  An adder (D:2)
  2 worms (D:2)
  A dart slug (D:1)
  3 bats
  5 endoplasms
  2 goblins
  5 hobgoblins
  3 ball pythons
  4 frilled lizards
  5 kobolds
  A kobold zombie (D:3)
  An orc skeleton (D:3)
  3 rats
36 creatures vanquished.

Notes
Turn   | Place    | Note
-------+----------+-------------------------------------------
     0 | D:1      | sammy202020 the Demonspawn Shapeshifter began the quest for
                  | the Orb.
     0 | D:1      | Reached XP level 1. HP: 15/15 MP: 1/1
   191 | D:1      | Gained mutation: You have a pair of small antennae on your
                  | head. [demonic ancestry]
   191 | D:1      | Reached XP level 2. HP: 21/21 MP: 2/2
  1575 | D:2      | Reached XP level 3. HP: 23/26 MP: 3/3
  2142 | D:3      | Killed from afar by a white imp

Illustrated notes

Levels and vault maps discovered:
D:1:      dpeg_arrival_windows_large_door, layout_loops_ring
D:2:      layout_loops_corners, kennysheep_generic_room_2
D:3:      layout_rooms, nicolae_tso_besieged_by_evil, basic_ecumenical_altar

Skill      XL: |  1  2  3 |
---------------+----------+-----
Unarmed Combat | 3 |  3.2
Dodging        | 2 |  2.1
Shapeshifting  | 3 |  3.0
Fighting       | |  1.8
Armour         | |  0.6

Action                     || total
---------------------------++-------
  Melee: Unarmed           ||   106
         Punch             ||     3
    Use: Scroll            ||     8
   Stab: Sleeping          ||     2
 Armour: Animal skin       ||    45
  Dodge: Dodged            ||    63

Table legend: (Time is in decaauts)
 A = Elapsed time spent in this place.
 B = Non-inter-level travel time spent in this place.
 C = Inter-level travel time spent in this place.
 D = Time resting spent in this place.
 E = Time spent auto-exploring this place.
 F = Levels seen in this place.
 G = Mean time per level.
                   A        B        C        D        E       F      G
               +--------+--------+--------+--------+--------+-----+--------+
         Total |   2135 |   2092 |     43 |    233 |   1514 |   3 |  711.7 |
       Dungeon |   2135 |   2092 |     43 |    233 |   1514 |   3 |  711.7 |
               +--------+--------+--------+--------+--------+-----+--------+

Top non-repeatable levels by time:
     D:2: 1125 daAuts
     D:1: 884 daAuts
     D:3: 125 daAuts
